[Event "*** Titled Tuesday Blitz"]
[Site "Chess.com"]
[Date "2019.07.02"]
[Round "3"]
[White "lrestevez"]
[Black "narutosmith"]
[Result "1-0"]
[WhiteElo "2134"]
[BlackElo "2196"]
[TimeControl "180+2"]
[EndTime "13:41:49 PDT"]
[Termination "lrestevez won on time"]

1. e4 e5 2. Nf3 Nc6 3. Bc4 Nf6 4. Ng5 d5 5. exd5 Na5 6. Bb5+ c6 7. dxc6 bxc6 8. Bd3 Nd5 9. Ne4 f5 10. Nec3 Nf4 11.
Bf1 g6 12. g3 Nd5 13. Bg2 Bg7 14. d3 O-O 15. O-O Be6 16. Bd2 Nb7 17. Nxd5 Bxd5 18. Nc3 Bxg2 19. Kxg2 Nc5 20. Qe2 Ne6 21. Rac1 Nd4 22.
Qe1 Rb8 23. b3 Qd7 24. Be3 Rbe8 25. Qd2 c5 26. Bxd4 cxd4 27. Ne2 e4 28. dxe4 fxe4 29. Kg1 e3 30. fxe3 Rxf1+ 31. Rxf1 Rxe3 32. Nf4 Re4 33. Re1 Rxe1+ 34. Qxe1 Kf7 35. Qe4 g5 36. Qd5+ Qxd5 37. Nxd5 h6 38. Nb4 Ke6 39. Nd3 Kd5 40. Kf2 Ke4 41.
Ke2 Bf8 42. Nf2+ Kf5 43. Kf3 Bc5 44. g4+ Ke6 45. Nd3 Bd6 46. h3 Kd5 47. Nf2 a5 48.
Nd3 Be7 49. a4 Bd6 50. Ke2 Be7 51. Nf2 Bd6 52. Kd3 Be7 53. Ne4 Ke5 54. Nd2 Kf4 55.
Kxd4 Kg3 56. Ke4 Kxh3 57. Kf3 h5 58. gxh5 g4+ 59. Ke2 g3 60. Nf3 Kg2 61. h6 Bf6 62. h7 Kh1 63. c4 g2 64. c5 Bd4 65. c6 1-0

[Event "*** Titled Tuesday Blitz"]
[Site "Chess.com"]
[Date "2019.07.02"]
[Round "3"]
[White "pedro_gines"]
[Black "LucaBrasi1968"]
[Result "1/2-1/2"]
[WhiteElo "2395"]
[BlackElo "2408"]
[TimeControl "180+2"]
[EndTime "13:41:49 PDT"]
[Termination "Game drawn - insufficient material"]

1. Nf3 d5 2. g3 c6 3. Bg2 Bg4 4. O-O Nd7 5. d4 e6 6. c4 Ngf6 7. b3 Bd6 8. Bb2 O-O 9. Nbd2 Qe7 10. Qc2 Bf5 11. Qc1 h6 12. Ne5 a5 13. a3 Bc7 14.
f4 Nxe5 15. fxe5 Nh7 16. e4 dxe4 17. Nxe4 Ng5 18. Nf2 Nh7 19. Ne4 Ng5 20. Nf2 Nh7 21. h4 h5 22. Ne4 Rad8 23. Qf4 Bg6 24. Qe3 f6 25. exf6 Nxf6 26. Ng5 Rfe8 27. Bh3 e5 28. Rae1 e4 29. Ne6 Ra8 30. Nf4 Bf7 31. Bf5 a4 32. Bg6 axb3 33. Bxf7+ Qxf7 34. Qxb3 b5 35. d5 bxc4 36. Qxc4 cxd5 37. Nxd5 Qxd5 38. Qxc7 Rac8 39.
Qf4 Rf8 40. Bxf6 Rxf6 41. Qxe4 Qxe4 42. Rxe4 Rxf1+ 43. Kxf1 Rc3 44. Ra4 Rxg3 45. Kf2 Rb3 46. Ra5 g6 47. Ra7 Rh3 48. Ra4 Kg7 49. Kg2 Rb3 50.
Ra7+ Kf6 51. Ra6+ Kf5 52. Ra5+ Kg4 53. Rg5+ Kxh4 54. Rxg6 Rxa3 55. Rb6 Ra4 56. Rb2 Rd4 57. Kh2 Kg4 58. Kg2 h4 59. Kh2 Rf4 60. Rg2+ Kh5 61.
Kh3 Rf3+ 62. Kh2 Rf5 63. Kh3 Ra5 64. Kh2 Ra4 65. Kh3 Ra3+ 66. Kh2 Rb3 67. Rg1 Rg3 68. Rxg3 hxg3+ 69. Kxg3 1/2-1/2

[Event "*** Titled Tuesday Blitz"]
[Site "Chess.com"]
[Date "2019.07.02"]
[Round "3"]
[White "xdb"]
[Black "ClockworkKubrick"]
[Result "1-0"]
[WhiteElo "2229"]
[BlackElo "2093"]
[TimeControl "180+2"]
[EndTime "13:41:49 PDT"]
[Termination "xdb won by resignation"]

1. d3 d6 2. e4 Nf6 3. Nc3 g6 4. Nf3 Bg7 5. g3 O-O 6. Bg2 c5 7. O-O Nc6 8. h3 a6 9. a4 e5 10. Bg5 Be6 11. Qd2 Rb8 12. Nd5 Bxd5 13. exd5 Ne7 14. c4 b5 15. axb5 axb5 16. Ra7 Re8 17. Qc2 Qb6 18. Ra2 bxc4 19. dxc4 Qb3 20. Qxb3 Rxb3 21.
Nd2 Rb4 22. Bxf6 Bxf6 23. Ne4 Kg7 24. Nxd6 Reb8 25. Ne4 Rxc4 26. Ra6 Nxd5 27. Rd6 Rd4 28. Rxd5 Rxd5 29. Nxf6 Rd2 30. Ne4 Rc2 31. Rb1 c4 32. Bf1 f5 33. Nc5 c3 34. b4 Rb2 35. Rc1 c2 36.
Nd3 Rb1 37. Rxc2 e4 38. Rb2 Rxb2 39. Nxb2 Rxb4 40. Nc4 Rb1 41. h4 Kf6 42. Kg2 h6 43. Ne3 g5 44. h5 Rc1 45. Bb5 Ke6 46. Be8 Rc5 47. Bg6 Kf6 48. g4 f4 49. Nf5 Rc2 50.
Kf1 f3 51. Kg1 Ke5 52. Ng3 Rc1+ 53. Kh2 Re1 54. Nf5 Kf4 55. Nxh6 e3 56. fxe3+ Kxe3 57. Nf5+ Kf4 58. h6 f2 59. Ng3 Kxg4 60. h7 Re3 61.
h8=Q Rxg3 62. Qc8+ Kh4 63. Qh8+ Kg4 64. Bf5+ Kf4 65.
Qb8+ Kf3 66. Qxg3+ 1-0

[Event "*** Titled Tuesday Blitz"]
[Site "Chess.com"]
[Date "2019.07.02"]
[Round "3"]
[White "silverback96"]
[Black "Saitama_Hero"]
[Result "0-1"]
[WhiteElo "2104"]
[BlackElo "2250"]
[TimeControl "180+2"]
[EndTime "13:41:52 PDT"]
[Termination "Saitama_Hero won by checkmate"]

1. d4 Nf6 2. c4 e6 3. g3 a6 4. Bg2 d5 5. Nf3 Be7 6. O-O O-O 7. Nbd2 Nc6 8. Qc2 Rb8 9. a3 dxc4 10.
Qxc4 Na5 11. Qc2 b5 12. b4 Nb7 13. Ne5 Bd7 14. Bb2 Nd6 15. Rfc1 Rc8 16. Nc6 Bxc6 17.
Bxc6 Nd7 18. e4 Nb6 19. e5 Ndc4 20. Nb3 f6 21. Bb7 Rb8 22. Bxa6 c6 23. Nc5 Bxc5 24. dxc5 Na4 25. Rab1 fxe5 26. Ba1 Qe7 27. Qa2 Nxa3 28.
Qxa3 Ra8 29. Bxb5 cxb5 30. Qe3 Rf5 31. Bxe5 Raf8 32. Bd4 e5 33. Ba1 Rf3 34. Qxe5 Qf7 35.
Rf1 Rxf2 36. Qe1 Rxf1+ 37. Qxf1 Qe6 38. Qd3 Qa2 39. Re1 Qf2+ 40. Kh1 Qxe1+ 41. Kg2 Qxa1 42. Kh3 Qf6 43. Qd5+ Kh8 44. c6 Nc3 45. Qc5 Ne4 46. Qxb5 Ng5+ 47. Kg4 Ne6 48. Qd5 Qg6+ 49. Kh3 Ng5+ 50.
Kh4 Nf3+ 51. Kh3 Qh6+ 52. Kg2 Qxh2+ 53. Kf1 Nd4+ 54. Ke1 Qe2# 0-1

[Event "*** Titled Tuesday Blitz"]
[Site "Chess.com"]
[Date "2019.07.02"]
[Round "3"]
[White "ruzomberok"]
[Black "DenisQ"]
[Result "0-1"]
[WhiteElo "2408"]
[BlackElo "2615"]
[TimeControl "180+2"]
[EndTime "13:41:58 PDT"]
[Termination "DenisQ won by resignation"]

1. Nf3 Nf6 2. c4 c6 3. e3 d5 4. Nc3 a6 5. d4 Bf5 6. Bd3 Bxd3 7.
Qxd3 e6 8. O-O Nbd7 9. e4 dxe4 10. Nxe4 Be7 11. Bf4 Nxe4 12. Qxe4 O-O 13. Rad1 Nf6 14. Qc2 Qa5 15. b3 Rfd8 16. Rd3 Qf5 17. Bc1 c5 18.
Qd1 cxd4 19. Rxd4 Rxd4 20. Qxd4 Rd8 21. Qb6 Rd7 22. Be3 Ng4 23. h3 Nxe3 24. Qxe3 Bc5 25. Qe2 h6 26. Rd1 Rxd1+ 27. Qxd1 b5 28. cxb5 axb5 29.
a4 bxa4 30. bxa4 Bb6 31. Qb3 Qc5 32. Qa2 e5 33. Qe2 e4 34. Nh2 f5 35. Nf1 f4 36.
g3 e3 37. fxe3 fxe3 38. Kg2 Qc6+ 39. Kg1 Qxa4 40. Nxe3 Qe4 41. Kf2 Kh8 42. Qf3 Qc2+ 43. Qe2 Qc1 44. Kf3 Qh1+ 45. Qg2 Qe1 46. Qf2 Qh1+ 47.
Qg2 Qc1 48. Qe2 Qc6+ 49. Kf4 Qe6 50. Qd3 Qxh3 51. Nf5 Bc7+ 52. Kf3 Qh1+ 53. Ke2 Qg2+ 54. Ke3 Bxg3 55. Qd8+ Kh7 56. Ne7 Qf2+ 57. Ke4 Qf7 58. Nf5 Qe6+ 59. Kf3 Qxf5+ 60. Kxg3 Qg5+ 61. Qxg5 hxg5 62. Kg4 Kg6 63. Kg3 Kf5 64. Kf3 g4+ 65.
Kg3 Kg5 66. Kg2 Kf4 67. Kf2 g3+ 68. Kg2 Kg4 69. Kg1 Kf3 70. Kf1 g2+ 71. Kg1 g5 72.
Kh2 Kf2 73. Kh3 g4+ 0-1

[Event "*** Titled Tuesday Blitz"]
[Site "Chess.com"]
[Date "2019.07.02"]
[Round "3"]
[White "pedromartinez91"]
[Black "TST2014"]
[Result "1/2-1/2"]
[WhiteElo "2441"]
[BlackElo "2561"]
[TimeControl "180+2"]
[EndTime "13:42:02 PDT"]
[Termination "Game drawn - insufficient material"]

1. e4 c5 2. Nf3 Nc6 3. Bb5 g6 4.
O-O Bg7 5. c3 Nf6 6. Qa4 O-O 7.
d4 d5 8. e5 Ne4 9. Bxc6 bxc6 10.
Qxc6 Rb8 11. Qa4 Qb6 12. dxc5 Nxc5 13. Qh4 Nd3 14. Bh6 Qxb2 15. Nbd2 Qxc3 16. Rad1 Nxe5 17. Bxg7 Kxg7 18. Qxe7 Nc6 19. Qh4 Qf6 20. Qa4 Rb4 21. Qa3 a5 22. Rc1 Bg4 23. Rc5 Rd8 24. Rfc1 Nd4 25.
Nxd4 Qxd4 26. Qxa5 Qxd2 27. Qxd8 Bd1 28. h3 Re4 29.
Qxd5 Re1+ 30. Kh2 Qf4+ 31. g3 Qxf2+ 32. Qg2 Qe3 33. R5c3 Qe5 34. Rc5 Qe3 35. R5c3 Qe5 36. R3c2 Bxc2 37. Rxe1 Qxe1 38. Qxc2 h5 39. a4 h4 40. gxh4 Qe5+ 41. Kg2 Qd5+ 42. Kg3 Qe5+ 43. Kg2 Qd5+ 44. Kf2 Qd4+ 45. Ke2 Qe5+ 46. Kd2 Qf4+ 47. Kd1 Qxh4 48. Qc3+ Kh7 49. a5 Qa4+ 50. Ke2 Qb5+ 51.
Kf3 Qf5+ 52. Kg3 Qg5+ 53. Kh2 Qf4+ 54. Kg2 Qe4+ 55. Qf3 Qc2+ 56. Kg1 Qc1+ 57. Kg2 Qd2+ 58. Qf2 Qxa5 59. Qxf7+ Kh6 60. Qf8+ Kg5 61. Qe7+ Kf5 62. Qd7+ Kf6 63. Qd6+ Kg7 64. Qe7+ Kg8 65. Kg3 Qf5 66. Qe8+ Kg7 67. Qe7+ Qf7 68. Qxf7+ Kxf7 69. Kg4 Kf6 70.
h4 Kg7 71. Kg5 Kh7 72. h5 gxh5 73. Kxh5 1/2-1/2

[Event "*** Titled Tuesday Blitz"]
[Site "Chess.com"]
[Date "2019.07.02"]
[Round "3"]
[White "DenishevM"]
[Black "IMRosen"]
[Result "0-1"]
[WhiteElo "2602"]
[BlackElo "2571"]
[TimeControl "180+2"]
[EndTime "13:42:05 PDT"]
[Termination "IMRosen won by resignation"]

1. d4 Nf6 2. c4 Nc6 3. Nf3 e6 4. a3 g6 5. Nc3 Bg7 6. e4 d6 7. Be2 O-O 8. O-O a5 9. Bg5 h6 10. Bh4 Qe8 11. Nb5 Qd7 12. e5 Ne8 13. Bg3 Ne7 14.
Bd3 b6 15. exd6 cxd6 16. a4 Bb7 17. Re1 Rc8 18. b3 Nc6 19. Rc1 Nb4 20. Bb1 Bc6 21. Qd2 Bxb5 22. axb5 Nf6 23. Bf4 Kh7 24. h3 Rfd8 25.
Re2 Qb7 26. Rce1 d5 27. Ne5 dxc4 28. bxc4 Nh5 29. Qe3 Nxf4 30. Qxf4 Bxe5 31. dxe5 Nd3 32. Bxd3 Rxd3 33. Re3 Rcd8 34. h4 Qe7 35. Qg3 Rd1 36.
Kh2 h5 37. Rxd1 Rxd1 38. Re4 Qd8 39. Rf4 Kg7 40. Qf3 Rd3 41. Rxf7+ Kg8 42. Qf4 Rd4 43.
Rf8+ Qxf8 44. Qxd4 Qe7 45. g3 Qc7 46. Qe4 Kg7 47. Qc6 Qd8 48. Qxe6 a4 49. Qc6 a3 50.
Qb7+ Kh6 51. Qa7 Qd4 52. Kg1 Qa1+ 53. Kg2 a2 54. Qa8 Kg7 55. Qa7+ Kh6 56. e6 Qb2 57. Qa8 a1=Q 58. Qe4 Qe5 59. Qc6 Qad4 60. Qe8 Qde4+ 61. Kh2 Qg7 62. e7 Qexe7 63. Qc6 Qef6 64. Qg2 Qgf7 65. f4 Qxc4 0-1

[Event "*** Titled Tuesday Blitz"]
[Site "Chess.com"]
[Date "2019.07.02"]
[Round "3"]
[White "Berardino"]
[Black "saraswathii"]
[Result "1/2-1/2"]
[WhiteElo "2533"]
[BlackElo "2337"]
[TimeControl "180+2"]
[EndTime "13:42:11 PDT"]
[Termination "Game drawn - insufficient material"]

1. d4 Nc6 2. Nf3 d5 3. c4 e6 4. Nc3 Nf6 5. Bf4 Bb4 6. e3 O-O 7.
Bd3 dxc4 8. Bxc4 Nd5 9. Bxd5 exd5 10. h3 Be6 11. O-O a6 12. Rc1 Na5 13. Ne5 f6 14.
Nd3 Bd6 15. Bxd6 Qxd6 16. b3 b6 17. Ne2 Rac8 18. Ng3 c5 19. dxc5 bxc5 20. Qd2 Nb7 21. Nf4 Rfd8 22. Rfd1 Qe5 23. Qe2 Qd6 24. Nxe6 Qxe6 25.
Rd2 Rd6 26. Qf3 Rcd8 27. Rcd1 g6 28. Ne2 g5 29. Ng3 Kf8 30. Nf5 R6d7 31. Qg4 Na5 32.
h4 h5 33. Qf3 Qf7 34. Nh6 Qg6 35. hxg5 Qxg5 36. Nf5 Qg4 37. Kf1 Qxf3 38. gxf3 Nc6 39. f4 Kf7 40. Ke2 Ke6 41. Ng3 h4 42. Nf1 f5 43. Nh2 d4 44. Nf3 dxe3 45. fxe3 Rxd2+ 46.
Rxd2 Rxd2+ 47. Kxd2 Kd5 48. Nxh4 Ke4 49. Ng6 Nb4 50. a3 Nd5 51. Ne5 Nxe3 52. Nd7 Kd4 53. Nxc5 Nf1+ 54. Ke1 Ne3 55. Nxa6 Nc2+ 56. Kd2 Nxa3 57.
Nc7 Ke4 58. Ne6 Nb5 59. Ke2 Nc3+ 60. Kf2 Nd5 61. Kg3 Ke3 62. Kh4 Nxf4 63. Nxf4 Kxf4 64. b4 Ke5 65. b5 Kd6 66. Kg5 Kc5 67. Kxf5 Kxb5 1/2-1/2

[Event "*** Titled Tuesday Blitz"]
[Site "Chess.com"]
[Date "2019.07.02"]
[Round "3"]
[White "Zubrrr"]
[Black "penguingm1"]
[Result "1-0"]
[WhiteElo "2745"]
[BlackElo "2951"]
[TimeControl "180+2"]
[EndTime "13:42:12 PDT"]
[Termination "Zubrrr won by resignation"]

1. c4 e6 2. g3 d5 3. Bg2 Nf6 4. Nf3 Be7 5. b3 O-O 6. O-O c5 7. Bb2 b6 8. d3 Nc6 9. Nbd2 Bb7 10. e3 dxc4 11. Nxc4 Rc8 12. Qe2 b5 13. Nce5 Qb6 14. Rac1 Rfd8 15. Rfd1 h6 16. Nxc6 Bxc6 17. e4 Bb7 18.
Ne5 Qa6 19. Ba1 Ne8 20. Qh5 Nd6 21. Ng4 Bf8 22. Nxh6+ gxh6 23. Qe5 f5 24. Qh8+ Kf7 25. Bf3 Ke8 26. Qh7 Rd7 27. Bh5+ Kd8 28. Qg8 Kc7 29. Qxe6 Rcd8 30. Rxc5+ Kb8 31. Be5 Qb6 32. Rdc1 Ka8 33. b4 fxe4 34. d4 Nc4 35. Qxb6 axb6 36. Rxb5 Nxe5 37.
dxe5 Ka7 38. a4 Ba6 39. e6 Bxb5 40. exd7 Bxd7 41. b5 Bc5 42. Rd1 e3 43. fxe3 Bxe3+ 44. Kf1 Bh3+ 45. Ke2 Rxd1 46. Kxd1 Bg1 47. Ke2 Kb8 48.
Kf3 Kc7 49. Bg6 Kd6 50. Bc2 Kc5 51. Bd1 Kb4 52. Bc2 Be6 53. Kg2 Be3 54. Kf3 Bc1 55. h4 Bb3 56. Bxb3 Kxb3 57. a5 bxa5 58. b6 Ba3 59. g4 a4 60. g5 hxg5 61. hxg5 Bd6 62. g6 Be5 63. b7 a3 64. g7 Bxg7 65. b8=Q+ Ka2 66. Qg8+ Kb1 67. Qh7+ Ka2 68. Qxg7 Kb1 69. Qb7+ Ka1 70. Qc6 Kb1 71. Qb5+ Ka1 72. Qc4 Kb2 73.
Qb4+ Ka2 74. Ke3 Ka1 1-0

[Event "*** Titled Tuesday Blitz"]
[Site "Chess.com"]
[Date "2019.07.02"]
[Round "3"]
[White "Firouzja2003"]
[Black "Kirill_Klukin"]
[Result "1/2-1/2"]
[WhiteElo "2951"]
[BlackElo "2640"]
[TimeControl "180+2"]
[EndTime "13:42:18 PDT"]
[Termination "Game drawn by agreement"]

1. e4 c5 2. Nf3 Nc6 3. d4 cxd4 4. Nxd4 e5 5. Nb5 d6 6. N1c3 a6 7. Na3 Be7 8. Nd5 Nf6 9. Be3 Nxd5 10. exd5 Nd4 11.
Bd3 O-O 12. O-O Nf5 13. Bd2 g6 14. Nc4 b5 15. Ba5 Qe8 16. Nb6 Bd8 17. a4 Rb8 18. Nxc8 Rxc8 19. Bxd8 Qxd8 20. axb5 axb5 21. Bxb5 Qb6 22. Bd7 Rc4 23. Bxf5 gxf5 24. Qh5 Qxb2 25.
Qg5+ Kh8 26. Qf6+ Kg8 27. Qxd6 Rxc2 28. Qf6 f4 29. Rae1 Re8 30. d6 Rd2 31. Rb1 Qd4 32. Rb7 Rf8 33. d7 Qd6 34. Qg5+ Kh8 35. h3 Rg8 36. Qf5 Qg6 37. Qxg6 hxg6 38. Rc1 Rd8 39. Rc8 Rxd7 40. Rxd8+ Rxd8 41. Rxf7 Re8 42. h4 Kg8 43. Ra7 Rf8 44. Kh2 Rf7 45. Ra5 Re7 46. Kh3 Kg7 47.
Kg4 Kf6 48. Ra6+ Re6 49. Ra8 Rb6 50. Ra2 Rc6 51. Rd2 Rb6 52. f3 Rc6 53. Ra2 Rb6 54. Re2 Rc6 55. Rf2 Rb6 56. Rd2 Rc6 57. Rd8 Rc2 58. Rd6+ Kf7 59. Kh3 Rb2 60. Ra6 Rc2 61. g3 fxg3 62. Kxg3 Rc4 63. Ra7+ Kf6 64. Ra8 Rb4 65.
Rf8+ Ke7 66. Rg8 Kf7 67. Rh8 Kf6 68. Rh7 Kf5 69. Rh6 Ra4 70. Rh8 Kf6 71. Rc8 Ke6 72.
Rc6+ Kf5 73. Rc1 Rb4 74. Rh1 Ra4 75. Re1 Rb4 76. Re2 1/2-1/2

[Event "*** Titled Tuesday Blitz"]
[Site "Chess.com"]
[Date "2019.07.02"]
[Round "3"]
[White "ilm2034"]
[Black "MasterKroket"]
[Result "1/2-1/2"]
[WhiteElo "2527"]
[BlackElo "2377"]
[TimeControl "180+2"]
[EndTime "13:42:31 PDT"]
[Termination "Game drawn - insufficient material"]

1. d4 Nf6 2. c4 e6 3. Nc3 Bb4 4. Qb3 Qe7 5. Nf3 O-O 6. Bd2 a5 7. e3 b6 8. Bd3 Bb7 9. a3 Bxc3 10.
Bxc3 a4 11. Qc2 d5 12. cxd5 Bxd5 13. Bb4 c5 14. dxc5 Qb7 15. cxb6 Rc8 16. Qe2 Nc6 17. Bc3 Qxb6 18. e4 Bb3 19. Bxf6 gxf6 20. e5 Nxe5 21. Nxe5 Qa5+ 22. Kf1 Qxe5 23. Qxe5 fxe5 24. Ke2 f5 25. f3 Rab8 26. Rhc1 Bd5 27. Rxc8+ Rxc8 28. Kd2 e4 29. fxe4 fxe4 30. Bb5 Bb3 31. Ke3 Rc2 32. Kxe4 Rxg2 33.
h4 Rxb2 34. Ke5 Kg7 35. Rg1+ Kh6 36. Be8 Re2+ 37. Kf6 Rf2+ 38. Ke5 Rf5+ 39. Ke4 Bd5+ 40. Ke3 Rf3+ 41. Kd4 Rxa3 42. Rg5 Rh3 43. Rh5+ Kg7 44. Bxa4 h6 45. Bc2 Rh2 46. Bd3 Ra2 47. Ke5 Ra4 48.
Kd6 Rd4 49. Bb5 Bf3+ 50. Kc5 Bxh5 51. Kxd4 Kf6 52. Ke4 Bg6+ 53. Kf4 e5+ 54. Kg4 h5+ 55. Kf3 Bf7 56. Bc6 Bb3 57. Bb7 Kf5 58. Bc8+ Be6 59. Bb7 Bd7 60. Be4+ Kf6 61. Bd5 Bf5 62. Ke3 Ke7 63.
Bb7 Kd6 64. Ba8 Ke6 65. Bb7 Bc2 66. Bf3 Bg6 67. Bc6 Bf7 68. Ke4 Bg6+ 69. Kf3 Kd6 70.
Bb7 Bf5 71. Ke3 Kc7 72. Bf3 Bg6 73. Bg2 Kd6 74. Kf3 Kd5 75. Ke3+ Ke6 76. Bh3+ Bf5 77.
Bg2 Bg4 78. Be4 Bd1 79. Bg6 Kf6 80. Be8 Bb3 81. Bxh5 Bg8 82. Bg4 Bh7 83. Kf3 Kg6 84. Ke4 Kf6+ 85. Kd5 Bf5 86. Be2 Be6+ 87. Kd6 Bg8 88. Bd3 Bf7 89. Be4 Bg6 90. Bf3 e4 91.
Be2 e3 92. Kd5 Kf5 93. h5 Bxh5 94. Bxh5 e2 95. Bxe2 1/2-1/2

[Event "*** Titled Tuesday Blitz"]
[Site "Chess.com"]
[Date "2019.07.02"]
[Round "3"]
[White "chessking2151"]
[Black "GukeshDommaraju"]
[Result "1-0"]
[WhiteElo "2584"]
[BlackElo "2581"]
[TimeControl "180+2"]
[EndTime "13:42:32 PDT"]
[Termination "chessking2151 won by resignation"]

1. e4 c5 2. Nf3 Nc6 3. d4 cxd4 4. Nxd4 Nf6 5. Nc3 e5 6. Ndb5 d6 7. Bg5 a6 8. Na3 b5 9. Nd5 Be7 10. Bxf6 Bxf6 11. c4 b4 12. Nc2 O-O 13. Be2 a5 14. O-O Be6 15. b3 Bxd5 16. cxd5 Nd4 17. Nxd4 exd4 18.
Bc4 g6 19. Bb5 Bg7 20. Bc6 Rc8 21. Qd3 Qe7 22. Rfe1 Be5 23. g3 Bg7 24. Rac1 Rc7 25. f4 Kh8 26. Kg2 g5 27. Rf1 gxf4 28. Rxf4 Bh6 29.
Qxd4+ f6 30. Rcf1 Bxf4 31. Rxf4 Qe5 32. Qxe5 dxe5 33. Rf2 Kg7 34. g4 Rfc8 35. Rc2 Kf7 36.
Kf3 Ke7 37. Rc5 Ra7 38. Ke3 Kd6 39. Rc2 h5 40. Rf2 Rf8 41. gxh5 Rh7 42. Rf5 Rh6 43. Kf3 Kc5 44. Ba4 Rfh8 45. Kg4 Rg8+ 46. Kf3 Kd6 47. Bb5 Rg1 48. Be8 Ke7 49. Bg6 Rh8 50. Ke2 Ra1 51. d6+ Ke6 52. d7 Rxa2+ 53. Kd3 Rd8 54. Be8 a4 55.
bxa4 b3 56. Rf1 Rxh2 57. Rb1 Rh3+ 58. Kc4 f5 59. exf5+ Kxf5 60. Rxb3 Rh4+ 61. Kd5 Rxa4 62. Kd6 e4 63. Ke7 Raa8 64. Bg6+ Kg5 65. Bxe4 Rxd7+ 66. Kxd7 Ra7+ 67. Ke6 Kxh5 68. Kf6 Ra6+ 69. Kf5 Ra5+ 70.
Kf4 Kh6 71. Rb7 1-0

[Event "*** Titled Tuesday Blitz"]
[Site "Chess.com"]
[Date "2019.07.02"]
[Round "3"]
[White "AryanTari"]
[Black "MITerryble"]
[Result "0-1"]
[WhiteElo "2819"]
[BlackElo "2817"]
[TimeControl "180+2"]
[EndTime "13:42:39 PDT"]
[Termination "MITerryble won by resignation"]

1. Nf3 Nf6 2. c4 b6 3. g3 Bb7 4.
Bg2 g6 5. O-O Bg7 6. d4 O-O 7. d5 d6 8. Nc3 e5 9. e4 a5 10. Ne1 Na6 11. Nd3 Nc5 12. Nxc5 dxc5 13. f4 Ne8 14. f5 Nd6 15. b3 Bc8 16. g4 g5 17. Be3 h6 18. Qd2 f6 19. h4 Kf7 20. Kf2 Rh8 21. Rh1 Bd7 22. a4 Qe7 23.
Rh2 Rag8 24. Rah1 Ke8 25. Ne2 Kd8 26. Ng3 Be8 27. Bf3 Kc8 28. Ke2 Qf8 29. Kd1 Kb8 30. Kc1 Kc8 31. Rh3 Kb8 32. Qh2 Kc8 33.
Kb1 Kb8 34. Ka1 Kc8 35. Qf2 Kb8 36. Ne2 Kc8 37. Nc1 Kb8 38. Nd3 Nb7 39. Qd2 Bd7 40. Nc1 Nd6 41. Ne2 Be8 42. Ng3 Bf7 43. R3h2 Qe8 44. Rc1 Qe7 45. Ne2 Qe8 46. Nc3 Qe7 47. Nd1 Be8 48. Nb2 Bf7 49. Nd3 Nb7 50. Rch1 Be8 51.
hxg5 hxg5 52. Rh7 Rxh7 53. Rxh7 Rh8 54. Qh2 Rxh7 55. Qxh7 Qf8 56. Nxe5 fxe5 57. Bxg5 Nd6 58. Bh4 Kb7 59. g5 Qf7 60. g6 Qf8 61. Bg5 Nxf5 62. exf5 e4+ 63. f6 Bxf6+ 64. Bxf6 Qxf6+ 65. Ka2 Bxg6 66. Qd7 exf3 67. b4 f2 68. bxc5 bxc5 69. Qb5+ Qb6 0-1

[Event "*** Titled Tuesday Blitz"]
[Site "Chess.com"]
[Date "2019.07.02"]
[Round "3"]
[White "tteshan"]
[Black "monalize"]
[Result "0-1"]
[WhiteElo "2235"]
[BlackElo "2335"]
[TimeControl "180+2"]
[EndTime "13:42:41 PDT"]
[Termination "monalize won by resignation"]

1. d4 d5 2. c4 dxc4 3. e3 Nf6 4. Bxc4 e6 5. Nc3 a6 6. Nge2 c5 7. O-O b5 8. Bd3 Bb7 9. a4 c4 10. Bb1 b4 11. Na2 a5 12. f3 Nbd7 13. Kh1 Be7 14. e4 Rc8 15. Be3 Qc7 16. Qe1 Nb6 17. Nac1 Bc6 18.
Bf4 Qb7 19. Be5 Bxa4 20. Qg3 O-O 21. Bxf6 Bxf6 22. e5 Be7 23. Nf4 Kh8 24. Nh5 Rg8 25. Qh3 g6 26. Nf6 Bxf6 27. exf6 Bd7 28. Rxa5 Nd5 29.
Ne2 Qc7 30. Rc5 Qd8 31. Rxc8 Bxc8 32. Qh4 Qxf6 33. Qxf6+ Nxf6 34. Rc1 Ba6 35. Ng3 Nd5 36. Ne4 Rc8 37. Nd6 Rc7 38. Kg1 Kg7 39. Ba2 c3 40. bxc3 bxc3 41. Ne4 c2 42. Bb3 Bd3 43. Nf2 Be2 44.
Rxc2 Rxc2 45. Bxc2 Kf6 46. Ne4+ Ke7 47. Kf2 Bb5 48.
Nc5 h6 49. g3 g5 50. Be4 Nb4 51. Nb3 Kd6 52. Ke3 Bc4 53. Nd2 Bd5 54. Bxd5 Kxd5 55.
Ne4 Nc2+ 56. Kd3 Nxd4 57. Nf6+ Ke5 58. Ng4+ Kd5 59. Nf6+ Ke5 60. Ng4+ Kd5 61. Ne3+ Kc5 62. f4 gxf4 63. gxf4 f5 64. Nf1 Nf3 65. Ke3 Nh4 66.
Kf2 Kd5 67. Kg3 Ng6 68. Ne3+ Ke4 69. Ng2 h5 70. h3 h4+ 71. Kh2 Kf3 72. Kg1 Kg3 73.
Ne3 Nxf4 0-1

[Event "*** Titled Tuesday Blitz"]
[Site "Chess.com"]
[Date "2019.07.02"]
[Round "3"]
[White "Vadim_Biliy"]
[Black "Spring199"]
[Result "1/2-1/2"]
[WhiteElo "2230"]
[BlackElo "2192"]
[TimeControl "180+2"]
[EndTime "13:42:41 PDT"]
[Termination "Game drawn by repetition"]

1. e4 e5 2. Nf3 Nc6 3. Bc4 Bc5 4. d3 Nf6 5. Nc3 O-O 6. a3 h6 7. Be3 d6 8. h3 Bb6 9. Bxb6 axb6 10. O-O Be6 11.
Bxe6 fxe6 12. d4 exd4 13. Nxd4 Nxd4 14. Qxd4 e5 15. Qc4+ Kh8 16. f4 exf4 17. Rxf4 Nd7 18. Rxf8+ Nxf8 19. Rf1 Nd7 20. Qe6 Ne5 21. Nd5 c6 22. Ne3 Qg5 23. Nf5 Rd8 24. Nxd6 Qe3+ 25. Kh1 Qd4 26. Qxe5 Qxd6 27. Qxd6 Rxd6 28. Rf7 Rd2 29.
Rxb7 b5 30. c3 Rxb2 31. Rc7 Rb3 32. Rxc6 Rxa3 33. Kh2 Kg8 34. Rc7 Rb3 35. h4 b4 36.
cxb4 Rxb4 37. e5 Re4 38. Rc5 Rxh4+ 39. Kg3 Re4 40. Kf3 Re1 41. Kf4 Kf7 42. Rc7+ Kg6 43. Rc6+ Kf7 44. Rc7+ Kg6 45. Rc6+ Kf7 46. g3 Rf1+ 47. Kg4 g6 48. Rb6 Rf5 49. Rb5 h5+ 50. Kh4 Rf1 51. Rb7+ Ke6 52. Rg7 Rh1+ 53. Kg5 Kxe5 54.
Re7+ Kd6 55. Re3 Kd5 56. Kxg6 Kd4 57. Ra3 h4 58. g4 h3 59. g5 h2 60. Rh3 Ke5 61.
Kh6 Kf5 62. g6 Rg1 63. Rxh2 Rxg6+ 64. Kh7 Rg3 65. Rf2+ Kg4 66. Rf6 Rh3+ 67. Kg6 Rh5 68. Ra6 Rg5+ 69. Kf6 Rb5 70. Ra4+ Kf3 71. Ra3+ Ke4 72.
Ra4+ Ke3 73. Ra3+ Ke4 74. Ra4+ Ke3 75. Ra3+ Ke4 1/2-1/2

[Event "*** Titled Tuesday Blitz"]
[Site "Chess.com"]
[Date "2019.07.02"]
[Round "3"]
[White "mitrabhaa"]
[Black "maximnovik"]
[Result "1-0"]
[WhiteElo "2725"]
[BlackElo "2449"]
[TimeControl "180+2"]
[EndTime "13:42:48 PDT"]
[Termination "mitrabhaa won by resignation"]

1. Nf3 Nf6 2. g3 g6 3. Bg2 Bg7 4. O-O d5 5. b3 O-O 6. Bb2 c5 7. d3 Nc6 8. Ne5 Nd4 9. e3 Nf5 10. Nd2 Ne8 11. c4 Qc7 12. Ndf3 dxc4 13. Nxc4 Bxb2 14.
Nxb2 b6 15. Rc1 Bb7 16. b4 Rd8 17. bxc5 bxc5 18. Qc2 Qb8 19. Na4 Qa8 20. Qe2 c4 21. d4 Ned6 22. Nc5 Bd5 23. Rfe1 Ne4 24. Nxe4 Bxe4 25. Rxc4 Nd6 26. Rc5 Rc8 27. Rec1 Rxc5 28. dxc5 Nf5 29. Ne1 Rc8 30. h3 h5 31. Rc4 Bxg2 32. Nxg2 Qb7 33. Nf4 Qb1+ 34. Kg2 Qb5 35. Qc2 Qc6+ 36. Kh2 h4 37. g4 Ng7 38. Qd3 g5 39. Nd5 Kf8 40. Nc3 Ne6 41. Ne4 Qc7+ 42. Kg2 Qe5 43. Qc3 Qxc3 44. Rxc3 Ke8 45. Ra3 Rc7 46.
Ra5 Kd7 47. Kf3 f6 48. Ra6 Nxc5 49. Nxc5+ Rxc5 50. Rxa7+ Ke6 51. Ra4 Rc2 52. Re4+ Kf7 53. a4 Ra2 54. Rd4 e5 55. Rd7+ Ke6 56. Ra7 Kd6 57.
a5 Ke6 58. Ra8 Ra4 59. a6 e4+ 60. Kg2 Kf7 61. Kf1 Ra2 62. Ke1 Kg7 63. a7 Ra1+ 64.
Kd2 Ra4 65. Kc3 Ra1 66. Kd4 Ra4+ 67. Kd5 f5 68. gxf5 g4 69. hxg4 h3 70. f6+ Kxf6 71.
Rf8+ Kg5 72. a8=Q 1-0

[Event "*** Titled Tuesday Blitz"]
[Site "Chess.com"]
[Date "2019.07.02"]
[Round "3"]
[White "Michael_Scofield01"]
[Black "Philosopherrr"]
[Result "0-1"]
[WhiteElo "2706"]
[BlackElo "2508"]
[TimeControl "180+2"]
[EndTime "13:42:59 PDT"]
[Termination "Philosopherrr won by resignation"]

1. e4 e5 2. Nf3 Nc6 3. Bb5 a6 4. Ba4 Nf6 5. O-O Be7 6. Re1 b5 7. Bb3 d6 8. c3 O-O 9. h3 Bb7 10. d4 Re8 11. Ng5 Rf8 12. Nf3 Re8 13. Nbd2 exd4 14.
cxd4 Nd7 15. Nf1 Na5 16. Bc2 Bf6 17. Ng3 g6 18. Rb1 c5 19. d5 Nc4 20. b3 Ncb6 21. Bf4 Ne5 22. Nxe5 Bxe5 23. Bxe5 Rxe5 24. f4 Re8 25. Qf3 Rc8 26. f5 Nd7 27. Qf4 Qf6 28. h4 Qe5 29. Qg5 Qf6 30. Qf4 Ne5 31. Rbd1 c4 32. b4 Kg7 33. Rf1 h6 34. fxg6 Qxf4 35.
Nh5+ Kxg6 36. Nxf4+ Kh7 37. Nh5 Kg6 38. Nf6 Red8 39. Rf4 c3 40. Rdf1 Kg7 41. Nh5+ Kh8 42. Ng3 Rg8 43. Nf5 Rg6 44. Ne7 Kg7 45. h5 Rg5 46.
Nxc8 Bxc8 47. Rf6 Bh3 48. R6f2 Bg4 49. Re1 Bxh5 50. Kf1 Bg6 51. Re3 Ng4 52. Rxc3 Nxf2 53. Kxf2 Re5 54. Kf3 f5 55. exf5 Bxf5 56. Bxf5 Rxf5+ 57.
Ke4 Re5+ 58. Kd4 Rg5 59. Rc6 Rg4+ 60. Kc3 Rg3+ 61. Kd4 Rg4+ 62. Kd3 Rg3+ 63. Ke4 Rg4+ 64. Kf5 Rxb4 65. Rxd6 Rb2 66. Rd7+ Kf8 67. a3 Rxg2 68. Kf6 Ke8 69. Ra7 h5 70. Ke6 Rg6+ 71. Kf5 Rh6 72. Ke5 h4 73. Rg7 h3 74. Rg1 h2 75. Rh1 Kd7 76. Kd4 Kd6 77. Ke4 Rh4+ 78. Kf3 Kxd5 79. Kg3 Rh8 80. Rd1+ Kc4 0-1